AoeStats
← Chorizo En Cajas

Golden Pit

508791573Analyzed
1v1 RM · 8d ago on Sep 24, 2026· 24m 45s· 2 players
Game mode
Random Map
Map size
Tiny (2 player)
Population
200
Speed
Normal
Resources
Standard
Victory
Conquest
Starting age
Dark Age
Ending age
Imperial Age
RankedLock teamsTeams togetherTeam positionsShared explorationLock speedFull tech treeHidden civsTurbo modeCheats
Victory
Defeat
🇲🇽 Danes · Mexico
909
+16
🇦🇷 Teutons · Argentina
901
-16
Señor Almendrita
3:19 Loom
12:00 Feudal Age
12:35 Horse Collar
12:42 Double-Bit Axe
17:33 Castle Age
15:31 Man-at-Arms
16:26 Scale Mail Armor
18:23 Forging
17:47 Long Swordsman
18:26 Gambesons
20:04 Chain Mail Armor
20:30 Arson
22:16 Iron Casting
Chorizo En Cajas
3:39 Loom
10:30 Feudal Age
17:18 Castle Age
17:58 Forging
17:30 Horse Collar
20:00 Squires
22:53 Gambesons
Connection lost

Rejoining the realm…

Still unreachable

The connection could not be restored.

Session expired

The server has moved on; the page needs a fresh start.